 Dungeon Crawl Stone Soup version 0.30-a0-469-g84de5afbc5 (webtiles) character file.

Game seed: 14681996368026140490

124903 billz999 the Fencer (level 17, -19/130 HPs)
             Began as a Djinni Ice Elementalist on Dec 20, 2022.
             Was an Initiate of Gozag.
             Killed from afar by a thorn hunter (35 damage)
             ... with a volley of thorns
             ... on level 3 of the Swamp.
             The game lasted 01:51:35 (22845 turns).

billz999 the Fencer (Djinni Ice Elementalist)      Turns: 22845, Time: 01:51:36

Health: -19/130    AC: 12    Str: 12    XL:     17   Next: 49%
Gold:   2608       EV: 13    Int: 30    God:    Gozag SH:  0 Dex: 15

rFire   + + +      SeeInvis +    h - +5 long sword (elec)
rCold   . . .      Faith    .    (no shield)
rNeg    . . .      Spirit   .    Z - +5 scale mail of Gravity {rF++ Will+ Str+5}
rPois   ∞          Reflect  .    w - +0 helmet
rElec   .          Harm     .    (no cloak)
rCorr   +          Rampage  .    (no gloves)
Will    +++..                    (boots unavailable)
Stlth   ++........               i - amulet of regeneration
HPRegen 1.21/turn                J - ring "Fieppeb" {rC+ Will+ rCorr SInv}
MPRegen 0.00/turn                L - ring of Noptegiyng {rF+ Int+6 Stlth+}

@: gold aura, flying
A: sickness immunity, fire resistance 2, cold vulnerability 1, float, innate
caster, HP casting, extra vitality 1
a: Renounce Religion, Potion Petition, Call Merchant, Bribe Branch


You were on level 3 of the Swamp.
You worshipped Gozag.
Gozag was most pleased with you.
You visited 4 branches of the dungeon, and saw 25 of its levels.
You visited 1 bazaar.

You collected 8425 gold pieces.
You spent 2563 gold pieces at shops.
You paid 3254 gold pieces to Gozag.

Inventory:

Hand Weapons
 a - a +1 vampiric long sword
 h - a +5 long sword of electrocution (weapon)
 O - a +6 vorpal great sword
Armour
 v - the +3 leather armour "Nympawunosk" {rElec rPois rCorr}
   (You bought it in a shop on level 2 of the Orcish Mines)

   rElec:     It insulates you from electricity.
   rPois:     It protects you from poison.
   rCorr:     It protects you from acid and corrosion.
 w - a +0 helmet (worn)
 V - the +0 robe of Reofomid {Regen+ Int+4 SInv}
   (You bought it in a shop in a bazaar)

   Int:       It affects your intelligence (+4).
   SInv:      It lets you see invisible.
   Regen:     It increases your rate of health regeneration.
 Z - the +5 scale mail of Gravity (worn) {rF++ Will+ Str+5}
   (You bought it in a shop on level 2 of the Orcish Mines)

   Str:       It affects your strength (+5).
   rF:        It greatly protects you from fire.
   Will:      It increases your willpower.
Magical Staves
 b - a staff of conjuration
Jewellery
 c - a ring of willpower
 f - a +6 ring of strength
 i - an amulet of regeneration (around neck)
 q - a +6 ring of dexterity
 C - a ring of wizardry
 J - the ring "Fieppeb" (left hand) {rC+ Will+ rCorr SInv}
   (You acquired it on level 15 of the Dungeon)

   [ring of protection from cold]

   rC:        It protects you from cold.
   SInv:      It lets you see invisible.
   rCorr:     It protects you from acid and corrosion.
   Will:      It increases your willpower.
 L - the ring of Noptegiyng (right hand) {rF+ Int+6 Stlth+}
   (You bought it in a shop on level 9 of the Dungeon)

   [ring of intelligence]

   Int:       It affects your intelligence (+6).
   rF:        It protects you from fire.
   Stlth:     It makes you more stealthy.
 S - the ring "Coffixei" {Fly Will++}
   (You found it on level 4 of the Lair of Beasts)

   [ring of flight]

   Fly:       It grants you flight.
   Will:      It greatly increases your willpower.
 X - a ring of ice
Wands
 e - a wand of roots (11)
 D - a wand of digging (2)
 P - a wand of polymorph (4)
 R - a wand of paralysis (12)
 T - a wand of flame (35)
Scrolls
 k - 13 scrolls of teleportation
 m - 5 scrolls of immolation
 n - 6 scrolls of blinking
 o - 3 scrolls of enchant armour
 p - 3 scrolls of amnesia
 t - 3 scrolls of noise
 u - 6 scrolls of poison
 y - 4 scrolls of fear
 z - a scroll of torment
 E - 2 scrolls of summoning
 H - 2 scrolls of fog
 Q - a scroll of brand weapon
 U - 3 scrolls of magic mapping
 W - a scroll of identify
Potions
 d - 8 potions of attraction
 g - a potion of lignification {unknown}
 j - a potion of heal wounds
 l - 5 potions of resistance
 r - a potion of magic {unknown}
 s - 7 potions of brilliance
 x - 3 potions of might {unknown}
 A - 7 potions of curing
 B - 6 potions of haste {unknown}
 F - 2 potions of invisibility {unknown}
 G - 4 potions of mutation {unknown}
 I - 4 potions of flight {unknown}
 M - 3 potions of degeneration
 N - 3 potions of berserk rage
 Y - a potion of ambrosia {unknown}
Miscellaneous
 K - a condenser vane


   Skills:
 - Level 14.9 Fighting
 - Level 15.3 Long Blades
 - Level 12.0 Dodging
 - Level 1.5 Stealth
 + Level 14.0 Spellcasting


You had 4 spell levels left.
You knew the following spells:

 Your Spells              Type           Power      Damage    Failure   Level
a - Freeze                Ice            100%       1d10      1%          1
b - Frozen Ramparts       Ice            100%       1d16      1%          3
c - Ozocubu's Armour      Ice            81%        N/A       1%          3
d - Summon Ice Beast      Ice/Summ       81%        N/A       1%          4
e - Magic Dart            Conj           100%       1d8       1%          1
f - Poisonous Vapours     Pois/Air       100%       N/A       1%          2
g - Scorch                Fire           100%       2d10      1%          2
h - Kindle Blastsparks    Fire/Tloc/Air  100%       2d18      1%          3
i - Iskenderun's Mystic   Conj/Tloc      81%        2d16      1%          4
j - Borgnjor's Vile Clut  Necr/Erth      40%        N/A       1%          5
k - Eringya's Noxious Bo  Tmut/Pois      40%        N/A       6%          6
l - Summon Cactus Giant   Summ           40%        N/A       6%          6
Your spell library was empty.

Dungeon Overview and Level Annotations

Branches:
Dungeon (15/15)            Temple (0/1) D:6            Lair (5/5) D:10
  Swamp (3/4) Lair:2        Slime (0/5) Lair:5          Orc (2/2) D:11
    Elf (0/3) Orc:2        Vaults (0/5) D:14         Depths (0/4) D:15
  Snake: Lair:2-3    Spider: Lair:2-3

Altars:
Elyvilon
Gozag
Hepliaklqana
Nemelex Xobeh
Okawaru
Trog
Uskayaw
Wu Jian
Xom
Jiyva

Shops:
D:3 =   D:6 *   D:8 [   D:9 =   D:10 [   D:13 (   D:15 (   Orc:2 [!([[
Lair:2 (

Annotations:
D:2 Sigmund
D:8 3 runed translucent doors, p00ps00p's ghost, novice HOFi
D:11 1 runed translucent door, sleeves's ghost, journeyman DsFE


Innate Abilities, Weirdness & Mutations

You are immune to sickness and miasma.
You are immune to poison.
Your flesh is very heat resistant. (rF++)
You are vulnerable to cold. (rC-)
You float through the air rather than walking.
You learn spells naturally, not from books.
Your magical power is your life essence.
You have superior vitality. (+4 MHP)


Message History

* * * LOW HITPOINT WARNING * * *
The spriggan druid hits your cactus giant with a +0 war axe.
Unknown command.
Unknown command.
The zombie hands constrict the spriggan druid.
The spriggan is struck by your cactus giant's spines.
The spriggan hits your cactus giant with a +0 quarterstaff!
The spriggan druid hits you with a +0 war axe!
* * * LOW HITPOINT WARNING * * *
The spriggan druid hits your cactus giant with a +0 war axe!
Your cactus giant hits the spriggan druid with a +0 giant spiked club!!
The spriggan druid dies!
You feel much better.
Thorny briars emerge from the ground!
The spriggan is distracted by your dazzling golden aura.
Casting: Borgnjor's Vile Clutch (mildly dangerous; 1% risk of failure)
Confirm with . or Enter, or press ? or * to list all spells.
Aiming: Borgnjor's Vile Clutch (mildly dangerous; 1% risk of failure)
Press: ? - help, Shift-Dir - straight line, f - thorn hunter
Aim: a thorn hunter (100% to hit)
The briar patch is unaffected. x2
Zombie hands grab the thorn hunter.
The spriggan shouts!
The zombie hands constrict the thorn hunter.
The thorn hunter fires a volley of thorns at you.
The volley of thorns hits you!
* * * LOW HITPOINT WARNING * * *
Unknown command.
You feel better.
The zombie hands constrict the thorn hunter.
The thorn hunter hits the briar patch. x2
Your cactus giant closely misses the spriggan.
The zombie hands constrict the thorn hunter!
The briar patch crumbles away.
The thorn hunter fires a volley of thorns at you.
The volley of thorns hits you!!
* * * LOW HITPOINT WARNING * * *
The thorn hunter fires a volley of thorns at you.
The volley of thorns hits you!!
You die...
Your body crumbles into a pile of gold.

~. ♣♣... ..♣ ♣.♣ ~~. ..
.... ..♣♣R.. ~~.~ ~~~~...
...§~~♣ ..~~♣♣.♣.♣$. $
.....~~ ~~~♣.~~~♣♣..
......♣
~♣~..~♣~♣♣..########Pf.§~.)
.♣~.~~~~♣ ♣...$$..[PP♣
...§...~♣♣♣♣..iC...P♣.♣
~~.....~.♣♣~~...@)♣~.~.~~.
~~~♣...~~.~.<♣♣♣~...~.♣~..
...~~♣..~~~♣♣♣ ♣.~.§.♣♣ ♣.§
~§♣~~~~~~.♣♣ ♣♣~♣~♣♣ .
.~~~.♣~♣.♣♣ ♣♣♣♣♣
.~~~~~~.!♣ .~♣~....♣♣
♣♣♣~~~.♣♣ ♣ ♣.~~.♣


You could see a thorn hunter (clutched), a spriggan (ally target) and a friendly
cactus giant (summoned).

Vanquished Creatures
  Mara (Swamp:3)
  Rupert (Lair:4)
  2 thorn hunters (Swamp:3)
  2 fenstrider witches
  4 bunyips
  6 eleionomae
  Snorg (Lair:3)
  A fire dragon (Lair:5)
  Josephine (D:10)
  Fannar (D:11)
  A rakshasa (D:14)
  6 hydras
  3 vault guards (D:14)
  2 catoblepae (Lair:5)
  3 ghost crabs
  3 alligators (Swamp:1)
  4 ogre magi (Orc:2)
  20 two-headed ogres
  3 centaur warriors
  3 tengu warriors
  4 boulder beetles
  A death yak (Lair:4)
  Sonja (Lair:2)
  A deep elf knight (D:14)
  5 skeletal warriors (D:15)
  3 swamp dragons
  4 bog bodies
  5 spriggan druids
  A deep elf archer (D:14)
  3 orc knights
  A lindwurm (Lair:5)
  A deep elf pyromancer (D:15)
  10 ugly things (D:14)
  An orc sorcerer (Orc:2)
  5 manticores
  8 slime creatures
  8 cyclopes
  Maurice (D:13)
  6 black mambas
  3 molten gargoyles (Lair:5)
  4 cane toads
  2 torpor snails (Lair:2)
  2 gargoyles
  3 kobold demonologists
  2 rime drakes
  15 komodo dragons
  A bloated husk (Swamp:3)
  3 tengu conjurers (D:14)
  6 hornets
  6 trolls
  12 tyrant leeches
  3 polar bears
  5 blink frogs
  3 wyverns
  A centaur simulacrum (D:14)
  8 spriggans
  5 wraiths (D:10)
  53 yaks
  5 steam dragons
  5 basilisks
  13 vampire mosquitoes
  9 swamp worms
  2 wargs
  18 water moccasins
  3 hell hounds (Lair:5)
  An acid dragon (D:12)
  3 ice beasts
  4 swamp drakes
  A sky beast (D:6)
  18 orc warriors
  6 black bears
  28 ogres
  16 wolves
  12 centaurs
  2 kobold brigands
  12 bullfrogs
  2 scorpions (D:5)
  7 wights (D:6)
  3 howler monkeys
  3 electric eels (D:14)
  5 lava snakes (Lair:5)
  3 hounds
  3 jellies
  A gnoll bouda (D:5)
  9 orc priests
  7 iguanas
  19 orc wizards
  A statue (D:3)
  7 adders
  4 gnolls (D:5)
  2 shadow imps (D:6)
  3 white imps
  3 ufetubi (D:14)
  4 worms
  A dart slug (D:4)
  59 orcs
  A giant cockroach (D:3)
  7 goblins
  11 hobgoblins
  4 quokkas
  5 ball pythons
  2 bats
  5 frilled lizards
  7 kobolds
  5 rats
625 creatures vanquished.

Vanquished Creatures (collateral kills)
  A hydra (Lair:5)
  A centaur warrior (D:15)
  2 spriggan druids
  3 will-o-the-wisps
  2 black mambas
  3 blink frogs (Lair:1)
  2 wyverns
  A spriggan (Swamp:3)
  9 yaks
  An orc warrior (Orc:2)
  2 ogres
  A wolf (Lair:4)
  A centaur (D:12)
  2 howler monkeys (D:8)
  A jelly (D:8)
  3 orc wizards
  10 orcs
  2 hobgoblins (D:11)
47 creatures vanquished.

Vanquished Creatures (others)
  An orc wizard (D:11)
  4 briar patches (Swamp:3)
  A butterfly (D:10)
  7 foxfires
  39 fungi
  30 plants
82 creatures vanquished.

Grand Total: 754 creatures vanquished

Notes
Turn   | Place    | Note
-------+----------+-------------------------------------------
     0 | D:1      | billz999 the Djinni Ice Elementalist began the quest for
                  | the Orb.
     0 | D:1      | billz999 set off with the following spells memorised:
                  | Freeze, Frozen Ramparts, Ozocubu's Armour, Summon Ice
                  | Beast.
     0 | D:1      | Reached XP level 1. HP: 15/15 MP: 0/0
     2 | D:1      | Noticed a naga
     2 | D:1      | Noticed an ogre
     4 | D:1      | Noticed an elf
     6 | D:1      | Noticed a merfolk
     6 | D:1      | Noticed a minotaur
     8 | D:1      | Noticed a demigod
     8 | D:1      | Noticed a demonspawn
    10 | D:1      | Noticed an octopode
    10 | D:1      | Noticed a felid
    12 | D:1      | Noticed a gargoyle
    14 | D:1      | Noticed a spriggan
    16 | D:1      | Noticed a ghoul
    16 | D:1      | Noticed an armataur
    18 | D:1      | Noticed a human
    18 | D:1      | Noticed a vine stalker
    20 | D:1      | Noticed a formicid
    20 | D:1      | Noticed a meteoran
    22 | D:1      | Noticed a draconian
    22 | D:1      | Noticed a troll
    24 | D:1      | Noticed a minotaur
    24 | D:1      | Noticed a vampire
    26 | D:1      | Noticed a troll
    26 | D:1      | Noticed a vine stalker
   223 | D:1      | Reached XP level 2. HP: 19/22 MP: 0/0
   225 | D:1      | Reached skill level 1 in Fighting
   233 | D:1      | Reached skill level 1 in Long Blades
   672 | D:2      | Noticed Sigmund
   715 | D:2      | Reached XP level 3. HP: 27/27 MP: 0/0
   715 | D:2      | Learned a level 1 spell: Magic Dart
   915 | D:2      | Reached skill level 2 in Long Blades
   915 | D:2      | Reached XP level 4. HP: 33/33 MP: 0/0
   976 | D:2      | Found a sparkling altar of Nemelex Xobeh.
  1324 | D:3      | Found a hide-covered altar of Uskayaw.
  1407 | D:3      | Found Maptacoc's Jewellery Emporium.
  1584 | D:3      | Noticed a frost-covered statue
  1616 | D:3      | Killed a frost-covered statue
  1771 | D:4      | Noticed an ogre
  1781 | D:4      | Killed an ogre
  1782 | D:4      | Reached skill level 3 in Long Blades
  1782 | D:4      | Reached XP level 5. HP: 40/40 MP: 0/0
  1782 | D:4      | Learned a level 2 spell: Poisonous Vapours
  1822 | D:4      | Reached XP level 6. HP: 47/47 MP: 0/0
  2142 | D:4      | Reached XP level 7. HP: 38/51 MP: 0/0
  2142 | D:4      | Learned a level 2 spell: Scorch
  2212 | D:4      | Found an iron altar of Okawaru.
  2212 | D:4      | Found a faded altar of an unknown god.
  2220 | D:4      | Found an opulent altar of Gozag.
  2228 | D:4      | Found an ornate altar of the Wu Jian Council.
  2231 | D:4      | Became a worshipper of Gozag Ym Sagoz the Greedy
  2423 | D:5      | Entered Level 5 of the Dungeon
  2525 | D:5      | Reached skill level 5 in Spellcasting
  2589 | D:5      | Found a shimmering altar of Xom.
  2648 | D:5      | Identified the +7 falchion "Qasaczemm" {spect, Int+3}
  2730 | D:5      | Reached XP level 8. HP: 32/58 MP: 0/0
  3026 | D:3      | Bought a ring of wizardry for 300 gold pieces
  3212 | D:5      | Identified the +2 crystal plate armour "Byavoditz" {rCorr}
  3575 | D:6      | Found Wuiwnes's CLEARANCE SALE!.
  3639 | D:6      | Reached skill level 4 in Long Blades
  3696 | D:6      | Reached skill level 5 in Long Blades
  3716 | D:6      | Reached XP level 9. HP: 59/62 MP: 0/0
  3716 | D:6      | Learned a level 3 spell: Kindle Blastsparks
  3755 | D:6      | Reached skill level 6 in Long Blades
  3790 | D:6      | Found a staircase to the Ecumenical Temple.
  4114 | D:6      | Reached skill level 7 in Long Blades
  4467 | D:7      | Reached skill level 8 in Long Blades
  4479 | D:7      | Reached skill level 9 in Long Blades
  4480 | D:7      | Reached XP level 10. HP: 33/67 MP: 0/0
  4640 | D:7      | Found a bloodstained altar of Trog.
  4900 | D:8      | Reached skill level 10 in Long Blades
  5299 | D:8      | Found Bepis's Armour Boutique.
  5512 | D:8      | Found a hazy altar of Hepliaklqana.
  5561 | D:8      | Noticed a two-headed ogre
  5727 | D:8      | Found a runed translucent gate.
  5727 | D:8      | Found a runed translucent gate.
  5727 | D:8      | Found a runed translucent gate.
  5730 | D:8      | Noticed p00ps00p's ghost (novice HOFi)
  5733 | D:8      | Found a viscous altar of Jiyva.
  5806 | D:8      | Killed a two-headed ogre
  5807 | D:8      | Reached skill level 11 in Long Blades
  6293 | D:9      | Reached skill level 12 in Long Blades
  6293 | D:9      | Reached XP level 11. HP: 49/72 MP: 0/0
  6293 | D:9      | Learned a level 4 spell: Iskenderun's Mystic Blast
  6357 | D:9      | Noticed a two-headed ogre
  6367 | D:9      | Killed a two-headed ogre
  6444 | D:9      | Noticed a two-headed ogre
  6454 | D:9      | Killed a two-headed ogre
  6867 | D:10     | Entered Level 10 of the Dungeon
  6877 | D:9      | Reached skill level 5 in Fighting
  7064 | D:10     | Noticed a two-headed ogre
  7070 | D:10     | Killed a two-headed ogre
  7212 | D:10     | Found a white marble altar of Elyvilon.
  7381 | D:10     | Found a staircase to the Lair.
  7465 | D:10     | Noticed Josephine
  7473 | D:10     | Reached XP level 12. HP: 30/84 MP: 0/0
  7475 | D:10     | Killed Josephine
  7772 | Lair:1   | Entered Level 1 of the Lair of Beasts
  9075 | Lair:2   | Reached skill level 13 in Long Blades
  9230 | Lair:2   | Found a staircase to the Swamp.
  9320 | Lair:2   | Noticed Sonja
  9325 | Lair:2   | Killed Sonja
  9337 | Lair:2   | Reached XP level 13. HP: 86/94 MP: 0/0
  9337 | Lair:2   | Learned a level 5 spell: Borgnjor's Vile Clutch
  9546 | Lair:2   | Reached skill level 10 in Fighting
  9980 | Lair:2   | Bought a +5 vorpal great sword for 550 gold pieces
 10037 | Lair:3   | Noticed Snorg
 10051 | Lair:3   | Killed Snorg
 10055 | Lair:3   | Reached skill level 14 in Long Blades
 10355 | Lair:3   | You are sucked into a shaft and drop 1 floor!
 10366 | Lair:4   | Noticed a six-headed hydra
 10434 | Lair:4   | Killed a six-headed hydra
 10501 | Lair:4   | Noticed a six-headed hydra
 10512 | Lair:4   | Killed a six-headed hydra
 10554 | Lair:4   | Identified the ring "Coffixei" {Fly Will++}
 10656 | Lair:4   | Noticed Rupert
 10679 | Lair:4   | Killed Rupert
 11377 | Lair:5   | Entered Level 5 of the Lair of Beasts
 11542 | Lair:5   | Noticed a catoblepas
 11554 | Lair:5   | Killed a catoblepas
 11555 | Lair:5   | Reached XP level 14. HP: 84/107 MP: 0/0
 11586 | Lair:5   | Found a staircase to the Slime Pits.
 11979 | Lair:5   | Found a large runed translucent door.
 11979 | Lair:5   | Found a large runed translucent door.
 13052 | D:9      | Bought the ring of Noptegiyng {rF+ Int+6 Stlth+} for 686
                  | gold pieces
 13292 | D:11     | Found a staircase to the Orcish Mines.
 13403 | D:11     | Noticed Fannar
 13412 | D:11     | Killed Fannar
 13613 | D:11     | Found a runed translucent door.
 13614 | D:11     | Found a shimmering altar of Xom.
 13614 | D:11     | Noticed sleeves's ghost (journeyman DsFE)
 13870 | Orc:1    | Entered Level 1 of the Orcish Mines
 14217 | Orc:2    | Entered Level 2 of the Orcish Mines
 14409 | Orc:2    | Reached skill level 10 in Spellcasting
 14425 | Orc:2    | Reached XP level 15. HP: 80/118 MP: 0/0
 14425 | Orc:2    | Learned a level 6 spell: Eringya's Noxious Bog
 14500 | Orc:2    | Found a staircase to the Elven Halls.
 14649 | Orc:2    | Found Jeasi's Armour Shop.
 14650 | Orc:2    | Found Zogoxiuq's Distillery.
 14650 | Orc:2    | Found Hecwena's Armour Boutique.
 14650 | Orc:2    | Found Peitz's Weapon Emporium.
 15373 | Orc:2    | Bought a faintly humming leather armour for 147 gold pieces
 15373 | Orc:2    | Identified the +3 leather armour "Nympawunosk" {rElec rPois
                  | rCorr} (You bought it in a shop on level 2 of the Orcish
                  | Mines)
 15373 | Orc:2    | Bought a glimmering scale mail for 189 gold pieces
 15373 | Orc:2    | Identified the +1 scale mail of Udghieno {rN+} (You bought
                  | it in a shop on level 2 of the Orcish Mines)
 15373 | Orc:2    | Bought a jewelled scale mail for 189 gold pieces
 15373 | Orc:2    | Identified the +5 scale mail of Gravity {rF++ Will+ Str+5}
                  | (You bought it in a shop on level 2 of the Orcish Mines)
 16153 | D:12     | Reached skill level 5 in Dodging
 16950 | D:13     | Found Naoqum's Weapon Boutique.
 17004 | D:13     | Found a frozen archway.
 17114 | D:13     | Noticed Maurice
 17119 | D:13     | Killed Maurice
 18359 | D:14     | Found the +7 mace of Variability {chain chaos}
 18656 | D:14     | Reached XP level 16. HP: 96/124 MP: 0/0
 18796 | D:14     | Reached skill level 10 in Dodging
 19073 | D:14     | Found a gate to the Vaults.
 19073 | D:14     | You are sucked into a shaft and drop 1 floor!
 19073 | D:15     | Entered Level 15 of the Dungeon
 19075 | D:15     | Identified a scroll of acquirement
 19076 | D:15     | Acquired the ring "Fieppeb" {rC+ Will+ rCorr SInv}
 19091 | D:15     | Found Feann's Antique Weapon Shop.
 19189 | D:15     | Found a flickering gateway to a bazaar.
 19198 | Bazaar   | Entered a bazaar
 19198 | Bazaar   | Found Xaun's Book Shoppe.
 19225 | Bazaar   | Found Cijeiwuw's Magic Scroll Shoppe.
 19233 | Bazaar   | Bought a scroll of blinking for 105 gold pieces
 19233 | Bazaar   | Bought a scroll of blinking for 105 gold pieces
 19233 | Bazaar   | Found Wudat's Assorted Antiques.
 19241 | Bazaar   | Found Xeaku's Antique Armour Shoppe.
 19247 | Bazaar   | Found Irphogh's Antique Weapon Emporium.
 19249 | Bazaar   | Bought a colourful robe for 176 gold pieces
 19249 | Bazaar   | Identified the +0 robe of Reofomid {Regen+ Int+4 SInv} (You
                  | bought it in a shop in a bazaar)
 19270 | Bazaar   | Bought an amethyst potion for 32 gold pieces
 19278 | Bazaar   | Bought a scroll of teleportation for 42 gold pieces
 19278 | Bazaar   | Bought a scroll of teleportation for 42 gold pieces
 19937 | D:14     | Reached skill level 15 in Long Blades
 20236 | Swamp:1  | Entered Level 1 of the Swamp
 21187 | Swamp:1  | Noticed a fenstrider witch
 21198 | Swamp:1  | Killed a fenstrider witch
 21639 | Swamp:2  | Reached XP level 17. HP: 118/130 MP: 0/0
 21639 | Swamp:2  | Learned a level 6 spell: Summon Cactus Giant
 22212 | Swamp:3  | Noticed Mara
 22221 | Swamp:3  | Noticed billz999's illusion
 22641 | Swamp:3  | Noticed a thorn hunter
 22655 | Swamp:3  | Killed a thorn hunter
 22766 | Swamp:3  | Noticed a thorn hunter
 22776 | Swamp:3  | Killed a thorn hunter
 22838 | Swamp:3  | Killed Mara
 22840 | Swamp:3  | Noticed a thorn hunter
 22845 | Swamp:3  | Killed from afar by a thorn hunter

Illustrated notes

Levels and vault maps discovered:
D:1:      kb_arrival_jail, layout_basic
D:2:      layout_basic, basic_altar, minmay_pentomino_r4, uniq_sigmund
D:3:      layout_rooms, vehumet_statue, amcnicky_altar_gilded,
          mainiacjoe_overflow_six_doors_small, serial_shops,
          nicolae_shop_hallway_stairs, st_stairs_7
D:4:      layout_rooms, chequers_temple_overflow_minitemple,
          minmay_misc_feat_four_crosses
D:5:      layout_basic, kennysheep_little_box, serial_glass, glass_columns_a,
          glass_columns_b, serial_bayou_pond_b, nicolae_figureground_pulse
D:6:      layout_cave_pools, temple_green, nicolae_shop_clearance
D:7:      layout_loops_ring, general_overflow_altar
D:8:      layout_gridville, mainiacjoe_overflow_alcove_4, serial_shops,
          shop_statue, gammafunk_ghost_ooze
D:9:      layout_basic
D:10:     layout_roguey, nicolae_elyvilon_peaceful_grove,
          due_lair_maze_entry_diamond, uniq_josephine
D:11:     layout_cave_pools, erik_orc_3, ebering_ghost_xom, uniq_fannar
D:12:     layout_grid_maze
D:13:     layout_loops_cross, portal_ice_cave_entry_animals_and_master,
          nicolae_stop_n_shop_2, uniq_maurice
D:14:     layout_loops_ring, grunt_vaults_entry_fortified, serial_ice,
          serial_ice_k, serial_ice_f, serial_ice_c, serial_ice_o,
          nicolae_lava_and_water, roderic_st_hans_cross
D:15:     grunt_enter_depths_hoard, layout_loops_cross, serial_shops,
          bzr_entry_water, nicolae_shop_crystal,
          hangedman_abyss_or_decor_clamps, grunt_gozag_statues
Lair:1:   layout_layer_cave, grunt_megastairs_2
Lair:2:   layout_chaotic_city, minmay_swamp_entry_worms, grunt_megastairs_1,
          uniq_sonja
Lair:3:   layout_chaotic_city, guppyfry_snake_entry_island, tgw_fedhas,
          serial_bayou_shore_b, uniq_urug, uniq_snorg
Lair:4:   layout_long_grid, hangedman_lair_generics_rect, uniq_rupert
Lair:5:   cheibrodos_lair_end_hotspot, layout_regular_city, slime_entry_1
Swamp:1:  layout_basic_swamp, evilmike_swamp_ruin_house_3, swamp_pool5
Swamp:2:  layout_basic_swamp, evilmike_swamp_ruin_house_6,
          infiniplex_staircase_pool
Swamp:3:  dpeg_oklob_gauntlet, layout_falls_marsh, evilmike_swamp_ruin_house_1,
          uniq_mara
Orc:1:    layout_caves, nicolae_volcano_entry_lava_flow, basic_altar
Orc:2:    st_orc_ogre_mass, layout_caves

Skill      XL: |  1  2  3  4  5  6  7  8  9 10 11 12 13 14 15 16 17 |
---------------+----------------------------------------------------+-----
Fighting       | 1 2 3 6 9 12 14 | 14.9
Long Blades    | 1 2 3 5 9 12 13 14 15 | 15.3
Spellcasting   | 4 5 6 8 9 10 11 12 14 | 14.0
Dodging        | 9 12 | 12.0
Stealth        | |  1.5

Action                   |  1- 3 |  4- 6 |  7- 9 | 10-12 | 13-15 | 16-18 || total
-------------------------+-------+-------+-------+-------+-------+-------++-------
Melee: Long sword        |    48 |    35 |    22 |    63 |       |    35 ||   203
       Punch             |       |     1 |       |       |       |     1 ||     2
       Staff             |       |     1 |     6 |       |       |       ||     7
       Great sword       |       |       |       |       |    46 |       ||    46
 Cast: Freeze            |    28 |    17 |     7 |     1 |     1 |       ||    54
       Magic Dart        |       |    42 |    82 |    66 |   230 |   123 ||   543
       Poisonous Vapours |       |    12 |    75 |   136 |   191 |    37 ||   451
       Scorch            |       |       |    30 |    65 |   100 |    90 ||   285
       Frozen Ramparts   |       |       |     6 |    34 |    43 |     4 ||    87
       Ozocubu's Armour  |       |       |     2 |     3 |     2 |       ||     7
       Kindle Blastspark |       |       |     8 |    11 |     5 |     2 ||    26
       Summon Ice Beast  |       |       |     1 |    18 |    25 |     1 ||    45
       Iskenderun's Myst |       |       |       |    33 |    82 |    59 ||   174
       Borgnjor's Vile C |       |       |       |       |   202 |   128 ||   330
       Eringya's Noxious |       |       |       |       |     2 |     8 ||    10
       Summon Cactus Gia |       |       |       |       |       |    10 ||    10
Invok: Call Merchant     |       |       |       |     1 |     3 |       ||     4
Evoke: Condenser vane    |       |       |       |     1 |     1 |       ||     2
       Wand              |       |       |       |       |     6 |     1 ||     7
  Use: Potion            |       |       |     1 |       |       |     3 ||     4
       Scroll            |       |       |       |     9 |     6 |     9 ||    24
 Stab: Sleeping          |       |     2 |     1 |       |       |       ||     3
       Distracted        |       |       |       |     1 |     2 |       ||     3
Armor: Robe              |     3 |       |       |       |       |       ||     3
       Ring mail         |    30 |    27 |    31 |    28 |    23 |       ||   139
       Scale mail        |       |       |       |       |    25 |    23 ||    48
Dodge: Dodged            |    38 |    26 |    45 |    56 |    53 |    44 ||   262

Table legend: (Time is in decaauts)
 A = Elapsed time spent in this place.
 B = Non-inter-level travel time spent in this place.
 C = Inter-level travel time spent in this place.
 D = Time resting spent in this place.
 E = Time spent auto-exploring this place.
 F = Levels seen in this place.
 G = Mean time per level.
                   A        B        C        D        E       F      G
               +--------+--------+--------+--------+--------+-----+--------+
         Total |  22884 |  21531 |   1353 |   2323 |  15289 |  26 |  880.2 |
       Dungeon |  12989 |  12065 |    924 |   1120 |   8818 |  15 |  865.9 |
          Lair |   5298 |   5109 |    189 |    497 |   3767 |   5 | 1059.6 |
         Swamp |   2605 |   2499 |    106 |    546 |   1450 |   3 |  868.3 |
  Orcish Mines |   1874 |   1741 |    133 |    160 |   1202 |   2 |  937.0 |
        Bazaar |    116 |    116 |      0 |      0 |     52 |   1 |  116.0 |
               +--------+--------+--------+--------+--------+-----+--------+

Top non-repeatable levels by time:
    D:14: 1780 daAuts
  Lair:5: 1568 daAuts
 Swamp:1: 1382 daAuts
  Lair:1: 1306 daAuts
   Orc:2: 1265 daAuts
     D:8: 1071 daAuts
  Lair:4: 1053 daAuts
    D:11: 1045 daAuts
    D:12: 1000 daAuts
    D:13: 989 daAuts
     D:5: 983 daAuts
  Lair:2: 976 daAuts
    D:10: 914 daAuts
     D:9: 845 daAuts
     D:7: 819 daAuts
